 Dungeon Sprint DCSS version 0.18-a0-1140-g8540535 (webtiles) character file.

57114 Kidiri the Unseen (level 13, -8/55 HPs)
             Began as a Spriggan Enchanter on Jan 21, 2016.
             Was the Champion of Dithmenos.
             Mangled by a deep elf knight (10 damage)
             ... in the Dungeon (Sprint III: "The Ten Rune Challenge").
             The game lasted 00:28:21 (6168 turns).

Kidiri the Unseen (Spriggan Enchanter)              Turns: 6168, Time: 00:28:22

Health: -8/55      AC:  5    Str:  4    XL:     13   Next: 13%
Magic:  11/31      EV: 35    Int: 19    God:    Dithmenos [******]
Gold:   134        SH:  0    Dex: 19    Spells: 12 memorised, 2 levels left

rFire  . . .     SeeInvis +     l - +1 short sword
rCold  . . .     Gourm    .     b - +1 robe
rNeg   . . .     Faith    .     (shield restricted)
rPois  +         Spirit   .     j - +1 hat {MR+}
rElec  .         Dismiss  .     c - +0 cloak (curse)
rCorr  .         Reflect  .     (gloves unavailable)
SustAt .         Harm     .     (boots unavailable)
MR     +++..     NoTele   +     (no amulet)
Stlth  ++++++++++               (no ring)
                                (no ring)

@: wreathed by umbra, very quick, extremely resistant to hostile enchantments,
uncannily stealthy
A: unfitting armour, horns 1, thin skeletal structure 1, see invisible, dopey 1,
herbivore 3, speed 3, low mp 1, poison resistance, slow metabolism 2
a: Shadow Step, Shadow Form, Renounce Religion
}: 2/10 runes: decaying, barnacled


You were in the Dungeon.
You worshipped Dithmenos.
Dithmenos was exalted by your worship.
You were full.

You visited 1 branch You collected 2084 gold pieces.
You spent 1950 gold pieces at shops.

Inventory:

Hand Weapons
 l - a +1 short sword (weapon)
Missiles
 k - 10 throwing nets (quivered)
Armour
 b - a +1 robe (worn)
 c - a cursed +0 cloak (worn)
 d - the +3 robe of Clouds {+Fly rElec}
   (You bought it in a shop in the Dungeon)

   It insulates you from electricity.
   It lets you fly.
 j - a +1 hat of magic resistance (worn)
Scrolls
 o - 2 scrolls of remove curse
 r - a scroll of torment
Potions
 e - 8 potions of curing
 f - 4 potions of heal wounds
 g - a potion of haste
 h - 2 potions of magic
 i - a potion of ambrosia
 m - a potion of mutation
 q - 2 potions of might
 s - 2 potions of cure mutation
 t - a potion of flight
 u - a potion of resistance
Books
 n - a book of Geomancy

   Spells                             Type                      Level
   a - Sandblast                      Earth                        1
   b - Stoneskin                      Transmutation/Earth          2
   c - Passwall                       Transmutation/Earth          3
   d - Stone Arrow                    Conjuration/Earth            3
   e - Petrify                        Transmutation/Earth          4
   f - Lee's Rapid Deconstruction     Earth                        5
Comestibles
 a - 24 royal jellies
 p - 9 fruits


   Skills:
 * Level 15.1 Short Blades
 * Level 19.2 Dodging
 * Level 20.6 Stealth
 * Level 16.6 Spellcasting
 + Level 7.6 Conjurations
 + Level 12.6 Hexes
 + Level 0.6 Transmutations
 + Level 8.5 Ice Magic
 + Level 6.5 Earth Magic
 + Level 8.9 Poison Magic
 - Level 5.0 Invocations


You had 2 spell levels left.
You knew the following spells:

 Your Spells              Type           Power        Failure   Level  Hunger
a - Corona                Hex            ######.      1%          1    None
b - Ensorcelled Hibernat  Hex/Ice        ######       1%          2    None
c - Confuse               Hex            ######..     1%          3    None
d - Tukima's Dance        Hex            ######..     1%          3    None
e - Dazzling Spray        Conj/Hex       ######..     1%          3    None
f - Fulminant Prism       Conj/Hex       ######....   1%          4    None
g - Iskenderun's Mystic   Conj           #####...     1%          4    None
h - Venom Bolt            Conj/Pois      #####.....   4%          5    ###....
i - Iron Shot             Conj/Erth      #####.....   34%         6    #####..
j - Orb of Destruction    Conj           #####.....   98%         7    ######.
k - Stoneskin             Trmt/Erth      ####....     1%          2    None
l - Stone Arrow           Conj/Erth      #####.       1%          3    None


Dungeon Overview and Level Annotations

Branches:
Dungeon (1/1)

Altars:
Cheibriados
Dithmenos
Elyvilon
Fedhas
Gozag
Kikubaaqudgha
Makhleb
Nemelex Xobeh
Okawaru
Pakellas
Qazlal
Ru
Sif Muna
Trog
Vehumet
Xom
Yredelemnul
Zin
The Shining One
Jiyva
Lugonu

Shops:
D ![:?%}[


Innate Abilities, Weirdness & Mutations

You are tiny and cannot use many weapons and most armour.
You have supernaturally acute eyesight.
You are a herbivore.
You cover ground extremely quickly.
You need consume almost no food.
You have a pair of small horns on your head.
You have a somewhat thin skeletal structure (Dex +2, Stealth).
You are dopey. (Int -2)
Your magical capacity is low (-10% MP).
Your system is resistant to poisons.


Message History

* * * LOW HITPOINT WARNING * * *
You emit a cloud of dark smoke.
The orb of energy explodes!
Unknown command.
Casting: Tukima's Dance
Confirm with . or Enter, or press ? or * to list all spells.
Aiming: Ensorcelled Hibernation
Press: ? - help, Shift-Dir - straight line, f/p - deep elf knight
Aim: a deep elf knight, wearing a leather armour (black smoke, heavily wounded, fast, umbra, chance to defeat MR: 22%)
The deep elf knight resists with almost no effort.
Casting: Ensorcelled Hibernation
Confirm with . or Enter, or press ? or * to list all spells.
Aiming: Confuse
Press: ? - help, Shift-Dir - straight line, f/p - deep elf knight
Aim: a deep elf knight, wearing a leather armour (black smoke, heavily wounded, fast, umbra, chance to defeat MR: 26%)
The deep elf knight easily resists.
The deep elf knight hits you!
* * * LOW HITPOINT WARNING * * *
You emit a cloud of dark smoke.
The deep elf mage mumbles some strange words.
The deep elf knight hits you!
You die...

▓▓▓▓▓ ##### ####...#########
)#__###∩#)..#.§§§#...#
.#._#..)......##@#...##≈
##+##))).....###e#...≈≈≈
....#.)......# #e#§..##≈
....#.####..## #§§e..# ###'#.#
##..# #######
#...#'###########################
#...#..).#.#.#)....#......+...≈≈#
#...##.#).#.##.###.#......#%..≈≈#
#...'##.#)#.##.#).##......#...≈≈≈


You could see a deep elf knight and 2 deep elf magi.

Vanquished Creatures
  Rupert (D)
  Gastronok (D)
  A kraken (D)
  Maud (D)
  2 dire elephants (D)
  3 alligator snapping turtles (D)
  3 hydras (D)
  Erolcha (D)
  4 death yaks (D)
  An orc high priest (D)
  A deep elf knight (D)
  3 death drakes (D)
  A spriggan druid (D)
  A spectral hydra (D)
  A lindwurm (D)
  A deep elf mage (D)
  2 elephants (D)
  2 black mambas (D)
  2 spiny frogs (D)
  A komodo dragon (D)
  A fire drake (D)
  2 giant leeches (D)
  3 wandering mushrooms (D)
  8 blink frogs (D)
  A queen bee (D)
  3 snapping turtles (D)
  A shadow (D)
  2 spriggans (D)
  5 redbacks (D)
  2 hill giants (D)
  A spatial vortex (D)
  A swamp drake (D)
  An orc warrior (D)
  A necrophage (D)
  2 two-headed ogres (D)
  A water elemental (D)
  A scorpion (D)
  32 killer bees (D)
  An electric eel (D)
  3 orc priests (D)
  A jelly (D)
  4 orc wizards (D)
  Jessica (D)
  A wizard (D)
  A necromancer (D)
  3 humans (D)
  A kobold demonologist (D)
  An ooze (D)
  9 orcs (D)
  2 rats (D)
  7 plants (D)
136 creatures vanquished.

Vanquished Creatures (collateral kills)
  A two-headed ogre (D)
1 creature vanquished.

Vanquished Creatures (others)
  2 draconian scorchers (D)
  3 dancing weapons (D)
  3 yaktaurs (D)
  4 fulminant prisms (D)
  3 fungi (D)
  6 plants (D)
  24 tentacles (D)
  125 tentacle segments (D)
170 creatures vanquished.

Grand Total: 307 creatures vanquished

Notes
Turn   | Place    | Note
--------------------------------------------------------------
     0 | D        | Kidiri the Spriggan Enchanter began the quest for the Orb.
     0 | D        | Reached XP level 1. HP: 9/9 MP: 5/5
    19 | D        | Noticed Jessica
    22 | D        | Killed Jessica
    22 | D        | Reached skill level 5 in Dodging
    22 | D        | Reached skill level 6 in Stealth
    22 | D        | Reached XP level 2. HP: 13/13 MP: 6/8
    22 | D        | Reached XP level 3. HP: 16/16 MP: 7/10
    34 | D        | Learned a level 2 spell: Ensorcelled Hibernation
    38 | D        | Learned a level 3 spell: Confuse
    42 | D        | Learned a level 3 spell: Dazzling Spray
    76 | D        | Reached skill level 5 in Spellcasting
   156 | D        | Noticed a scorpion
   179 | D        | Killed a scorpion
   179 | D        | Reached skill level 7 in Stealth
   179 | D        | Reached skill level 1 in Conjurations
   179 | D        | Reached skill level 1 in Ice Magic
   179 | D        | Reached XP level 4. HP: 19/21 MP: 3/12
   185 | D        | Killed a white draconian scorcher
   187 | D        | Learned a level 3 spell: Tukima's Dance
   209 | D        | Gained mutation: You have a somewhat thin skeletal structure (Dex +2, Stealth). [potion of mutation]
   209 | D        | Gained mutation: You are dopey. (Int -2) [potion of mutation]
   209 | D        | Gained mutation: Your system is resistant to poisons. [potion of mutation]
   210 | D        | Gained mutation: Your magical capacity is low (-10% MP). [potion of mutation]
   210 | D        | Gained mutation: You have a pair of small horns on your head. [potion of mutation]
   216 | D        | Killed a white draconian scorcher
   259 | D        | Noticed a water elemental
   266 | D        | Killed a water elemental
   266 | D        | Reached skill level 5 in Short Blades
   266 | D        | Reached skill level 8 in Stealth
   266 | D        | Reached skill level 5 in Hexes
   266 | D        | Reached XP level 5. HP: 24/24 MP: 8/13
   292 | D        | Killed a yaktaur
   356 | D        | Noticed a shadow
   376 | D        | Killed a shadow
   376 | D        | Reached skill level 9 in Stealth
   376 | D        | Reached XP level 6. HP: 28/28 MP: 10/15
   459 | D        | Found an oddly glowing altar of Pakellas.
   459 | D        | Found a stormy altar of Qazlal.
   460 | D        | Found a sacrificial altar of Ru.
   460 | D        | Found a burning altar of Makhleb.
   460 | D        | Found a viscous altar of Jiyva.
   460 | D        | Found a shimmering altar of Xom.
   460 | D        | Found a shadowy altar of Dithmenos.
   460 | D        | Found a sparkling altar of Nemelex Xobeh.
   460 | D        | Found a corrupted altar of Lugonu.
   460 | D        | Found an opulent altar of Gozag.
   460 | D        | Noticed a spatial vortex
   464 | D        | Became a worshipper of Dithmenos the Shadowed
   479 | D        | Killed a spatial vortex
   479 | D        | Reached skill level 10 in Stealth
   479 | D        | Reached skill level 1 in Invocations
   579 | D        | Found a radiant altar of Vehumet.
   580 | D        | Found a deep blue altar of Sif Muna.
   580 | D        | Found an ancient bone altar of Kikubaaqudgha.
   608 | D        | Learned a level 4 spell: Fulminant Prism
   613 | D        | Learned a level 4 spell: Iskenderun's Mystic Blast
   663 | D        | Found a glowing silver altar of Zin.
   664 | D        | Found a glowing golden altar of the Shining One.
   664 | D        | Found a white marble altar of Elyvilon.
   664 | D        | Noticed a deep elf mage
   666 | D        | Killed a deep elf mage
   666 | D        | Reached * piety under Dithmenos
   666 | D        | Reached skill level 10 in Dodging
   666 | D        | Reached skill level 11 in Stealth
   666 | D        | Reached XP level 7. HP: 32/32 MP: 16/18
   682 | D        | Found an iron altar of Okawaru.
   683 | D        | Found a bloodstained altar of Trog.
   683 | D        | Noticed a human
   683 | D        | Noticed a human
   688 | D        | Killed a human
   688 | D        | Reached skill level 12 in Stealth
   688 | D        | Reached XP level 8. HP: 36/36 MP: 10/20
   723 | D        | Learned a level 5 spell: Venom Bolt
   790 | D        | Found a basalt altar of Yredelemnul.
   790 | D        | Found a snail-covered altar of Cheibriados.
   790 | D        | Found a blossoming altar of Fedhas.
   795 | D        | Reached ** piety under Dithmenos
   879 | D        | Reached skill level 10 in Spellcasting
   879 | D        | Reached skill level 1 in Poison Magic
  1008 | D        | Reached *** piety under Dithmenos
  1014 | D        | Noticed Erolcha
  1016 | D        | Killed Erolcha
  1016 | D        | Reached skill level 13 in Stealth
  1016 | D        | Reached XP level 9. HP: 39/39 MP: 16/22
  1055 | D        | Reached skill level 14 in Stealth
  1154 | D        | Noticed a queen bee
  1158 | D        | Reached **** piety under Dithmenos
  1158 | D        | Reached skill level 10 in Short Blades
  1161 | D        | Killed a queen bee
  1163 | D        | Reached skill level 5 in Invocations
  1299 | D        | Reached skill level 5 in Ice Magic
  1301 | D        | Reached ***** piety under Dithmenos
  1442 | D        | Killed a yaktaur
  1476 | D        | Reached ****** piety under Dithmenos
  1700 | D        | Reached XP level 10. HP: 44/44 MP: 24/24
  1747 | D        | Reached skill level 15 in Stealth
  1870 | D        | Reached skill level 5 in Conjurations
  1952 | D        | Noticed a spiny frog
  1952 | D        | Noticed a spiny frog
  1955 | D        | Killed a spiny frog
  1958 | D        | Killed a spiny frog
  1971 | D        | Learned a level 6 spell: Iron Shot
  1987 | D        | Reached skill level 1 in Earth Magic
  1987 | D        | Reached skill level 5 in Poison Magic
  1989 | D        | Noticed a lindwurm
  1992 | D        | Killed a lindwurm
  1992 | D        | Reached skill level 15 in Dodging
  1992 | D        | Reached skill level 16 in Stealth
  1992 | D        | Reached skill level 10 in Hexes
  2003 | D        | Noticed Maud
  2349 | D        | Killed Maud
  2349 | D        | Reached XP level 11. HP: 25/47 MP: 6/26
  2500 | D        | Noticed a four-headed hydra
  2500 | D        | Noticed a four-headed hydra
  2503 | D        | Killed a four-headed hydra
  2504 | D        | Killed a four-headed hydra
  2504 | D        | Reached skill level 17 in Stealth
  2511 | D        | Noticed a death drake
  2513 | D        | Killed a death drake
  2566 | D        | Found a blossoming altar of Fedhas.
  2566 | D        | Noticed a spriggan druid
  2568 | D        | Killed a spriggan druid
  2602 | D        | Noticed a kraken
  2895 | D        | Noticed an alligator snapping turtle
  2895 | D        | Noticed an alligator snapping turtle
  3201 | D        | Noticed an alligator snapping turtle
  3582 | D        | Killed an alligator snapping turtle
  3729 | D        | Found Kappij's Food Emporium.
  3729 | D        | Found Seratt's Gadget Shop.
  3729 | D        | Found Otiev's Antique Armour Boutique.
  3835 | D        | Killed an alligator snapping turtle
  3971 | D        | Learned a level 7 spell: Orb of Destruction
  4561 | D        | Killed a kraken
  4561 | D        | Reached skill level 18 in Stealth
  4712 | D        | Killed an alligator snapping turtle
  4727 | D        | Got a barnacled rune of Zot
  4852 | D        | Reached XP level 12. HP: 51/51 MP: 23/28
  4927 | D        | Noticed Rupert
  4932 | D        | Killed Rupert
  4932 | D        | Reached skill level 19 in Stealth
  4932 | D        | Reached skill level 15 in Spellcasting
  4958 | D        | Noticed a death yak
  4959 | D        | Noticed a death yak
  4960 | D        | Killed a death yak
  4960 | D        | Reached skill level 5 in Earth Magic
  4961 | D        | Noticed an azure jelly
  4961 | D        | Noticed a death yak
  4961 | D        | Noticed an azure jelly
  4961 | D        | Noticed a death yak
  4962 | D        | Killed a death yak
  4965 | D        | Killed a death yak
  4967 | D        | Killed a death yak
  5015 | D        | Found Yshrimit's Distillery.
  5020 | D        | Found Geazoo's Antique Armour Boutique.
  5022 | D        | Found Biddish's Book Emporium.
  5115 | D        | Noticed a seven-headed hydra
  5118 | D        | Killed a seven-headed hydra
  5123 | D        | Got a decaying rune of Zot
  5174 | D        | Noticed an azure jelly
  5174 | D        | Noticed an azure jelly
  5212 | D        | Noticed a dire elephant
  5212 | D        | Noticed a dire elephant
  5212 | D        | Noticed Gastronok
  5214 | D        | Killed Gastronok
  5214 | D        | Reached skill level 20 in Stealth
  5215 | D        | Killed a dire elephant
  5261 | D        | Reached XP level 13. HP: 55/55 MP: 24/31
  5283 | D        | Killed a dire elephant
  5283 | D        | Reached skill level 15 in Short Blades
  5702 | D        | Found Esmaiss's Magic Scroll Emporium.
  5797 | D        | Bought a scroll of identify for 22 gold pieces
  5797 | D        | Bought a scroll of identify for 22 gold pieces
  5797 | D        | Bought a scroll of identify for 22 gold pieces
  5797 | D        | Bought a scroll of identify for 22 gold pieces
  5802 | D        | Bought a scroll of enchant armour for 82 gold pieces
  5903 | D        | Bought a runed cloak for 108 gold pieces
  6017 | D        | Bought the +3 robe of Clouds {+Fly rElec} for 699 gold pieces
  6018 | D        | Bought a book of Geomancy for 455 gold pieces
  6020 | D        | Bought a potion of heal wounds for 70 gold pieces
  6020 | D        | Bought a potion of curing for 42 gold pieces
  6020 | D        | Bought a potion of curing for 42 gold pieces
  6020 | D        | Bought a potion of curing for 42 gold pieces
  6020 | D        | Bought a potion of curing for 42 gold pieces
  6020 | D        | Bought 2 potions of heal wounds for 140 gold pieces
  6020 | D        | Bought a potion of resistance for 140 gold pieces
  6065 | D        | Learned a level 2 spell: Stoneskin
  6069 | D        | Learned a level 3 spell: Stone Arrow
  6168 | D        | HP: 2/55 [deep elf knight (12)]
  6168 | D        | Mangled by a deep elf knight

Vault maps used:
D:        dungeon_sprint_mu

Action                   |  1- 3 |  4- 6 |  7- 9 | 10-12 | 13-15 || total
-------------------------+-------+-------+-------+-------+-------++-------
Melee: Dagger            |     6 |       |       |       |       ||     6
       Short sword       |     4 |    13 |    64 |   148 |   319 ||   548
 Cast: Ensorcelled Hiber |     5 |     1 |     9 |    48 |     1 ||    64
       Dazzling Spray    |       |    10 |    21 |    21 |    14 ||    66
       Confuse           |       |       |     2 |     7 |     3 ||    12
       Tukima's Dance    |       |       |     6 |     3 |     4 ||    13
       Fulminant Prism   |       |       |     1 |     3 |       ||     4
       Venom Bolt        |       |       |       |    11 |     1 ||    12
       Iskenderun's Myst |       |       |       |     3 |       ||     3
Invok: Shadow Step       |       |       |     4 |    18 |     1 ||    23
       Shadow Form       |       |       |       |     2 |     1 ||     3
  Use: Scroll            |       |     3 |       |     1 |     6 ||    10
       Potion            |       |     3 |       |     1 |       ||     4
 Stab: Sleeping          |     6 |     3 |    12 |    56 |     1 ||    78
       Invisible         |       |     1 |     1 |     2 |     1 ||     5
       Confused          |       |       |     2 |     3 |     1 ||     6
       Distracted        |       |       |     1 |       |       ||     1
  Eat: Bread ration      |       |       |       |     1 |     1 ||     2
